 Dungeon Crawl Stone Soup version 0.30-a0-462-gd5975efbca (webtiles) character file.

Game seed: 16196409001822096564

72 ytrimaz the Magician (level 4, -1/31 HPs)
             Began as a Djinni Fire Elementalist on Dec 16, 2022.
             Killed by miscasting Flame Wave (3 damage)
             ... on level 2 of the Dungeon.
             The game lasted 00:02:33 (1448 turns).

ytrimaz the Magician (Djinni Fire Elementalist)     Turns: 1448, Time: 00:02:33

Health: -1/31      AC:  2    Str:  7    XL:     4   Next: 50%
Gold:   53         EV: 12    Int: 18    God:
                   SH:  0    Dex: 14

rFire   + + .      SeeInvis .    (no weapon)
rCold   x . .      Faith    .    (no shield)
rNeg    . . .      Spirit   .    a - +0 robe
rPois   ∞          Reflect  .    (no helmet)
rElec   .          Harm     .    (no cloak)
rCorr   .          Rampage  .    (no gloves)
Will    .....                    (boots unavailable)
Stlth   ++........               (no amulet)
HPRegen 0.25/turn                (no ring)
MPRegen 0.00/turn                (no ring)

@: flying, very slightly contaminated
A: sickness immunity, fire resistance 2, cold vulnerability 1, float, innate
caster, HP casting, extra vitality 1
a: no special abilities


You were on level 2 of the Dungeon.
You visited 1 branch of the dungeon, and saw 2 of its levels.

You collected 53 gold pieces.


Innate Abilities, Weirdness & Mutations

You are immune to sickness and miasma.
You are immune to poison.
Your flesh is very heat resistant. (rF++)
You are vulnerable to cold. (rC-)
You float through the air rather than walking.
You learn spells naturally, not from books.
Your magical power is your life essence.
You have superior vitality. (+4 MHP)


   Skills:
 - Level 2.1 Dodging
 - Level 1.5 Stealth
 + Level 3.9 Spellcasting


You couldn't memorise any spells.
You knew the following spells:

 Your Spells              Type           Power      Damage    Failure   Level
a - Foxfire               Conj/Fire      68%        2x1d7     3%          1
b - Scorch                Fire           34%        2d6       4%          2
c - Kindle Blastsparks    Fire/Tloc/Air  34%        2d12      9%          3
d - Inner Flame           Hex/Fire       17%        N/A       9%          3
e - Flame Wave            Conj/Fire      17%        2d7       30%         4
f - Apportation           Tloc           34%        N/A       3%          1
Your spell library was empty.

Inventory:

Armour
 a - a +0 robe (worn)
Scrolls
 b - a scroll of teleportation

Dungeon Overview and Level Annotations

Branches:
Dungeon (2/15) Zot: 10551

Altars:

8.8.# .8.. ...
.w. #.# #†#
#g##########..#
#.<.g@)†.g....#
###########.###


You could see 3 gnolls.


Message History

The gnoll closely misses you.
The gnoll is engulfed in blazing flames.
The gnoll explodes!
The fiery explosion engulfs the giant cockroach!!!
You kill the giant cockroach!
The fiery explosion engulfs the gnoll!!
You kill the gnoll!
The rat barely misses you.
You hear a shout!
Your magical contamination has completely faded away.
Unknown command. 😨 HP[-2]
You take 2 damage, and now have 9/31 hp.
Unknown command.
The cloud of blastsparks explodes!
The concussive blast engulfs the rat!
You kill the rat!
The concussive blast engulfs you. You resist.
* * * LOW HITPOINT WARNING * * *
You are knocked back by the blast.
Things that are here:
a +0 flail; a +0 club; a gnoll corpse; 😱 HP[-2]
You take 2 damage, and now have 7/31 hp.
You are engulfed in blazing flames.
You resist.
* * * LOW HITPOINT WARNING * * *
😱 HP[-4]
You take 4 damage, and now have 3/31 hp.
You're standing in a cloud of flame!
The gnoll shouts!
There is a stone staircase leading up here.
You fly upwards.
There is a stone staircase leading down here. 😱 HP[+1] Unknown command.
You start resting. 😎 HP[+27]
Your hp is fully restored (31).
Unknown command.
Unknown command.
Casting: Scorch (safe; 4% risk of failure)
Confirm with . or Enter, or press ? or * to list all spells.
Okay, then.
You fly downwards.
The frilled lizard bites you.
A worm comes into view.
There is a stone staircase leading up here. 😕 HP[-1]
You take 1 damage, and now have 30/31 hp.
Unknown command.
Casting: Scorch (safe; 4% risk of failure)
Confirm with . or Enter, or press ? or * to list all spells.
The spell is extremely dangerous to miscast (30% risk of failure)!
Continue anyway?
Casting: Flame Wave (extremely dangerous; 30% risk of failure)
Press: ? - help, Dir - look around, f - activate A wave of flame ripples out!
The flame wave engulfs the frilled lizard!
You kill the frilled lizard! (Press . to intensify the flame waves.) 😕 HP[-4]
You take 4 damage, and now have 26/31 hp.
Unknown command.
A wave of flame ripples out!
The flame wave engulfs the gnoll.
The gnoll hits you with a +0 club. 😕 HP[-2]
You take 2 damage, and now have 24/31 hp.
A wave of flame ripples out!
The flame wave engulfs the gnoll!
The flame wave engulfs the frilled lizard!
You kill the frilled lizard!
You finish channelling waves of flame.
The gnoll hits you with a +0 club. 😮 HP[-3]
You take 3 damage, and now have 21/31 hp.
Unknown command.
Casting: Flame Wave (extremely dangerous; 30% risk of failure)
Confirm with . or Enter, or press ? or * to list all spells.
The spell is quite dangerous to miscast (9% risk of failure)!
Continue anyway?
Okay, then.
A gnoll comes into view. It is wielding a +0 whip.
Things that are here:
a +0 flail; a +0 club; a gnoll corpse; 😮 HP[+1]
Casting: Kindle Blastsparks (quite dangerous; 9% risk of failure)
Confirm with . or Enter, or press ? or * to list all spells.
The spell is extremely dangerous to miscast (30% risk of failure)!
Continue anyway?
Casting: Flame Wave (extremely dangerous; 30% risk of failure)
Press: ? - help, Dir - look around, f - activate You miscast Flame Wave.
You are very lightly contaminated with residual magic.
A wave of violent energy washes through your body!
* * * LOW HITPOINT WARNING * * *
x2 The gnoll hits you with a +0 club.
* * * LOW HITPOINT WARNING * * *
A gnoll comes into view. It is wielding a +0 spear. 😱 HP[-16]
You take 16 damage, and now have 6/31 hp.
MASSIVE DAMAGE!! (PAUSE)
Casting: Flame Wave (extremely dangerous; 30% risk of failure)
Confirm with . or Enter, or press ? or * to list all spells.
The spell is extremely dangerous to miscast (30% risk of failure)!
Continue anyway?
Casting: Flame Wave (extremely dangerous; 30% risk of failure)
Press: ? - help, Dir - look around, f - activate You miscast Flame Wave.
You feel uncomfortably hot. You resist.
You die...

Skill      XL: |  1  2 |
---------------+-------+-----
Spellcasting   | 3 |  3.9
Dodging        | |  2.1
Stealth        | |  1.5

Action                   |  1- 3 |  4- 6 || total
-------------------------+-------+-------++-------
Melee: Unarmed           |       |     5 ||     5
       Punch             |       |     1 ||     1
 Cast: Foxfire           |    68 |       ||    68
       Kindle Blastspark |     5 |       ||     5
       Scorch            |     4 |     1 ||     5
       Inner Flame       |       |     1 ||     1
       Flame Wave        |       |     1 ||     1
  Use: Scroll            |     5 |       ||     5
       Potion            |     2 |       ||     2
Dodge: Dodged            |    16 |    11 ||    27

Levels and vault maps discovered:
D:1:      dpeg_arrival_round_a, layout_basic, palyth_stone_intersect
D:2:      layout_loops_ring, basic_altar,
          chequers_ecumenical_altar_simple_redux, serial_park_tiny_2,
          uniq_terence

Notes
Turn   | Place    | Note
-------+----------+-------------------------------------------
     0 | D:1      | ytrimaz the Djinni Fire Elementalist began the quest for
                  | the Orb.
     0 | D:1      | ytrimaz set off with the following spells memorised:
                  | Foxfire, Scorch, Kindle Blastsparks, Inner Flame, Flame
                  | Wave.
     0 | D:1      | Reached XP level 1. HP: 15/15 MP: 0/0
     0 | D:1      | magus.rc [v1.9.6]
   170 | D:1      | Reached XP level 2. HP: 14/21 MP: 0/0
   421 | D:1      | Reached skill level 3 in Spellcasting
   900 | D:1      | Reached XP level 3. HP: 19/25 MP: 0/0
   900 | D:1      | Learned a level 1 spell: Apportation
  1312 | D:2      | HP: 5/25 [rat (2)]
  1319 | D:2      | Reached XP level 4. HP: 19/31 MP: 0/0
  1326 | D:2      | HP: 7/31 [shot self (2)]
  1327 | D:2      | HP: 2/31 [cloud of flame (5)]
  1447 | D:2      | HP: 7/31 [something (11)]
  1448 | D:2      | Killed by miscasting Flame Wave

Vanquished Creatures
  4 gnolls (D:2)
  2 bats (D:1)
  2 endoplasms
  4 giant cockroaches
  4 goblins (D:1)
  2 hobgoblins (D:1)
  4 jackals (D:1)
  4 ball pythons
  3 frilled lizards
  3 rats
32 creatures vanquished.

Vanquished Creatures (others)
  104 foxfires
104 creatures vanquished.

Grand Total: 136 creatures vanquished

Table legend:
 A = Non-vault XP
 B = Vault XP
 C = Vault XP percentage of total XP
 D = Non-vault monster count
 E = Vault monster count
 F = Vault count percentage of total count
                 A         B        C        D         E       F
            +---------+---------+-------+---------+---------+-------
      Total |     104 |       0 |   0.0 |      32 |       0 |   0.0
            +---------+---------+-------+---------+---------+-------
        D:1 |      39 |       0 |   0.0 |      22 |       0 |   0.0
        D:2 |      65 |       0 |   0.0 |      10 |       0 |   0.0
            +---------+---------+-------+---------+---------+-------

Illustrated notes

Table legend:
 A = Kills in this place as a percentage of kills in entire the game.
 B = Kills by you in this place as a percentage of kills by you in the entire game.
 C = Kills by friends in this place as a percentage of kills by friends in the entire game.
 D = Other kills in this place as a percentage of other kills in the entire game.
 E = Experience gained in this place as a percentage of experience gained in the entire game.
 F = Experience gained in this place divided by the number of levels of this place that you have seen.
                   A       B       C       D       E      F
               +-------+-------+-------+-------+-------+----------------------
         Total | 100.0 | 100.0 |   N/A |   N/A | 100.0 |  52.0
       Dungeon | 100.0 | 100.0 |   N/A |   N/A | 100.0 |  52.0
               +-------+-------+-------+-------+-------+----------------------

Table legend: (Time is in decaauts)
 A = Elapsed time spent in this place.
 B = Non-inter-level travel time spent in this place.
 C = Inter-level travel time spent in this place.
 D = Time resting spent in this place.
 E = Time spent auto-exploring this place.
 F = Levels seen in this place.
 G = Mean time per level.
                   A        B        C        D        E       F      G
               +--------+--------+--------+--------+--------+-----+--------+
         Total |   1448 |   1421 |     27 |    107 |   1139 |   2 |  724.0 |
       Dungeon |   1448 |   1421 |     27 |    107 |   1139 |   2 |  724.0 |
               +--------+--------+--------+--------+--------+-----+--------+

Top non-repeatable levels by time:
     D:1: 1408 daAuts
     D:2: 40 daAuts
